 Dungeon Crawl Stone Soup version 0.17.0-24-gcfadda4 (webtiles) character file.

48 punpundit the Conjurer (level 3, 0/28 HPs)
             Began as a Deep Elf Conjurer on Nov 18, 2015.
             Succumbed to an adder's poison
             ... on level 2 of the Dungeon.
             The game lasted 00:21:47 (1499 turns).

punpundit the Conjurer (Deep Elf Conjurer)          Turns: 1499, Time: 00:21:47

Health: 0/28       AC: 21    Str:  5    XL:     3   Next: 50%
Magic:  7/10       EV:  2    Int: 20    God:
Gold:   104        SH:  0    Dex: 15    Spells: 3 memorised, 3 levels left

rFire  . . .     SeeInvis .     u - +1 dagger (venom)
rCold  . . .     Clarity  .     (armour currently unavailable)
rNeg   + + +     SustAt   .     (no shield)
rPois  +         Gourm    .     (helmet currently unavailable)
rElec  .         Spirit   .     (cloak currently unavailable)
rCorr  .         Warding  .     (gloves currently unavailable)
rMut   .         NoTele   +     (boots currently unavailable)
MR     .....                    (no amulet)
Stlth  +++.......               (no ring)
                                (no ring)

@: lethally poisoned (0 -> -13), tree-form, not resistant to hostile
enchantments, fairly stealthy
A: no striking features
a: no special abilities


You were on level 2 of the Dungeon.
You were hungry.
You were a tree.
You visited 1 branch of the dungeon, and saw 3 of its levels.

You collected 104 gold pieces.

Inventory:

Hand Weapons
 e - a +0 short sword
 p - a +1 falchion of holy wrath
 u - a +1 dagger of venom (weapon)
 v - a +1 vampiric dagger
Missiles
 l - 14 poisoned needles
Armour
 a - a +0 robe (melded)
Jewellery
 i - an uncursed ring of see invisible {unknown}
 n - a +3 ring of intelligence {unknown}
Scrolls
 f - 3 scrolls of remove curse {unknown}
 g - 2 scrolls of identify {unknown}
 h - a scroll of immolation {unknown}
 k - 2 scrolls of recharging {unknown}
 o - a scroll of random uselessness {unknown}
 t - a scroll of fear {unknown}
 y - a scroll of blinking {unknown}
Potions
 r - a potion of agility {unknown}
 x - a potion of poison {unknown}
 z - a potion of flight
Books
 b - a book of Conjurations

   Spells                             Type                      Level
   a - Magic Dart                     Conjuration                  1
   b - Searing Ray                    Conjuration                  2
   c - Dazzling Spray                 Conjuration/Hexes            3
   d - Fulminant Prism                Conjuration/Hexes            4
   e - Iskenderun's Mystic Blast      Conjuration                  4
   f - Iskenderun's Battlesphere      Conjuration/Charms           5
 s - a book of Fire

   Spells                             Type                      Level
   a - Ignite Poison                  Fire/Transmutation/Poison    3
   b - Fireball                       Conjuration/Fire             5
   c - Bolt of Fire                   Conjuration/Fire             6
   d - Delayed Fireball               Conjuration/Fire             7
   e - Ring of Flames                 Charms/Fire                  7
Comestibles
 c - 5 bread rations
 j - a meat ration
 q - 3 fruits
 w - a chunk of flesh


   Skills:
 * Level 0.2 Fighting
 + Level 2.7 Dodging
 + Level 2.6 Stealth
 * Level 3.7 Spellcasting
 + Level 5.2 Conjurations


You had 3 spell levels left.
You knew the following spells:

 Your Spells              Type           Power        Failure   Level  Hunger
a - Magic Dart            Conj           ###.         1%          1    None
b - Searing Ray           Conj           ###...       2%          2    ##.....
c - Dazzling Spray        Conj/Hex       ##......     14%         3    ###....


Dungeon Overview and Level Annotations

Branches:
Dungeon (3/15)

Altars:
Okawaru
Ru
The Shining One

Annotations:
D:3 Jessica


Message History

Aim: an adder (severely wounded)
The magic dart hits the adder.
The adder is almost dead.
* * * LOW HITPOINT WARNING * * *
You feel sick. The adder closely misses you.
Drink which item? (? for menu, Esc to quit)
It was a potion of flight.
You feel very buoyant.
You fly up into the air.
The adder misses you.
Drink which item? (? for menu, Esc to quit)
It was a potion of cure mutation.
It has a very clean taste.
* * * LOW HITPOINT WARNING * * *
You feel sick. The adder bites you.
* * * LOW HITPOINT WARNING * * *
You are more poisoned.
The adder poisons you! The adder closely misses you.
Drink which item? (? for menu, Esc to quit)
It was a potion of lignification.
You turn into a tree.
Your +0 robe melds into your body.
Your roots penetrate the ground.
You die...

#.###.##.#.###......####.########
#.###............................
..#.................####.########
....................####....#
..#.####.#.............#.#..#
.........#...#.#.#...###.#..#
....######...#.......# #.#..#####
....# #..>###.#...# #.#..#....
....# #.....#♣#...###.#.......
....######.#.#.#S#...#.....##.###
................l#...#.....##.#
...........#.#.......#.....##.###
......[............#.###.........
.##.###....#.#...........#.##.###
.##.# ###................#.##.#
.##.#####......##..#.....#.##.#
.##...................##.#.##.#


You could see an adder and a giant newt.

Vanquished Creatures
  An adder (D:2)
  2 giant geckos
  A giant cockroach (D:2)
  5 goblins
  4 hobgoblins (D:1)
  6 kobolds
  A ball python (D:1)
  4 bats
  4 giant newts
  4 jackals (D:1)
  A quokka (D:2)
  3 rats (D:1)
36 creatures vanquished.

Vanquished Creatures (others)
  A plant (D:1)
1 creature vanquished.

Grand Total: 37 creatures vanquished

Notes
Turn   | Place    | Note
--------------------------------------------------------------
     0 | D:1      | punpundit the Deep Elf Conjurer began the quest for the Orb.
     0 | D:1      | Reached XP level 1. HP: 10/10 MP: 6/6
   163 | D:1      | Reached XP level 2. HP: 10/15 MP: 4/8
   167 | D:1      | Learned a level 2 spell: Searing Ray
   406 | D:1      | Reached skill level 5 in Conjurations
   679 | D:2      | Reached XP level 3. HP: 19/19 MP: 6/9
   684 | D:2      | Learned a level 3 spell: Dazzling Spray
   700 | D:3      | Noticed Jessica
   768 | D:2      | Found an iron altar of Okawaru.
   933 | D:2      | Found a faded altar to an unknown god.
  1393 | D:2      | Found a glowing golden altar of the Shining One.
  1394 | D:2      | Found a sacrificial altar of Ru.
  1499 | D:2      | Succumbed to an adder's poison

Action                   || total
-------------------------++-------
Melee: Unarmed           ||     2
 Cast: Magic Dart        ||    68
  Use: Potion            ||     3
  Eat: Chunk             ||     1
